 Dungeon Crawl Stone Soup version 0.29-a0-344-ge2f44be95a (webtiles) character file.

Game seed: 5942680656772971515

23 Morbidden the Skirmisher (level 2, -5/24 HPs)
             Began as a Demonspawn Fighter on Apr 20, 2022.
             Slain by Sigmund
             ... wielding a +0 scythe
              (9 damage)
             ... on level 2 of the Dungeon.
             The game lasted 00:00:42 (1040 turns).

Morbidden the Skirmisher (Demonspawn Fighter)       Turns: 1040, Time: 00:00:42

Health: -5/24      AC:  7    Str: 16    XL:     2   Next: 72%
Magic:  2/2        EV:  8    Int:  9    God:
Gold:   92         SH:  0    Dex: 12    Spells: 1/1 levels left

rFire   . . .      SeeInvis .   a - +0 war axe
rCold   . . .      Faith    .   c - +0 buckler
rNeg    . . .      Spirit   .   b - +0 scale mail
rPois   .          Reflect  .   (no helmet)
rElec   .          Harm     .   (no cloak)
rCorr   .          Rampage  .   h - +0 pair of gloves
Will    .....                   (no boots)
Stlth   ..........              (no amulet)
HPRegen 0.08/turn               (no ring)
MPRegen 0.08/turn               (no ring)

@: confused, mighty
A: condensation shield
a: no special abilities


You were on level 2 of the Dungeon.
You visited 1 branch of the dungeon, and saw 2 of its levels.

You collected 92 gold pieces.

Inventory:

Hand Weapons
 a - a +0 war axe (weapon)
Armour
 b - a +0 scale mail (worn)
 c - a +0 buckler (worn)
 h - a +0 pair of gloves (worn)
Scrolls
 e - a scroll of identify {unknown}
 g - a scroll of magic mapping {unknown}
 j - a scroll of enchant armour {unknown}
 k - 2 scrolls of vulnerability {unknown}
Potions
 d - a potion of might
 f - 2 potions of haste {unknown}
 i - 2 potions of curing {unknown}


   Skills:
 + Level 3.4 Fighting
 + Level 2.1 Axes
 + Level 2.9 Armour
 + Level 0.2 Dodging
 + Level 2.8 Shields


You had one spell level left.
You didn't know any spells.
Your spell library was empty.

Dungeon Overview and Level Annotations

Branches:
Dungeon (2/15)

Altars:

Annotations:
D:2 Sigmund


Innate Abilities, Weirdness & Mutations

A meltable shield of frost defends you. (SH +4)


Message History

No target in view!
No target in view!
No target in view!
No target in view!
You aren't carrying any pieces of jewellery.
Unknown command.
Okay, then.
HP restored.
Things that are here:
a +0 short sword; a kobold corpse You now have 92 gold pieces (gained 1).
Sigmund the Dreaded comes into view.
He is wielding a +0 scythe.
Found a brown potion.
Sigmund shouts!
Sigmund is nearby!
Sigmund is nearby!
Okay, then.
You feel very mighty all of a sudden.
Sigmund hits you from afar with a +0 scythe.
Unknown command.
You block Sigmund's attack.
You slice Sigmund!!
Sigmund is severely wounded.
Sigmund points at you and mumbles some strange words.
You are confused.
Unknown command.
You closely miss Sigmund.
Sigmund is severely wounded.
Sigmund hits you with a +0 scythe.
You miss Sigmund.
Sigmund is severely wounded.
Sigmund points at you and mumbles some strange words.
The magic dart hits you!
Unknown command.
You bump into the rock wall.
Sigmund hits you with a +0 scythe.
* * * LOW HITPOINT WARNING * * *
You closely miss Sigmund.
Sigmund is severely wounded.
Sigmund hits you with a +0 scythe!
You die...

#.##.#
#.##.#
#.##.#
#.##.#
##..###.##.#
...........#
###.######.#
######.#
#..!@@.#
#.######


You could see Sigmund.

Vanquished Creatures
  A dart slug (D:1)
  4 endoplasms (D:1)
  A giant cockroach (D:1)
  A goblin (D:1)
  A hobgoblin (D:1)
  2 kobolds
  4 ball pythons (D:1)
  A bat (D:1)
  3 frilled lizards (D:1)
  3 rats (D:1)
21 creatures vanquished.

Notes
Turn   | Place    | Note
-------+----------+-------------------------------------------
     0 | D:1      | Morbidden the Demonspawn Fighter began the quest for the
                  | Orb.
     0 | D:1      | Reached XP level 1. HP: 18/18 MP: 1/1
   252 | D:1      | Gained mutation: A meltable shield of frost defends you.
                  | (SH +4) [demonic ancestry]
   252 | D:1      | Reached XP level 2. HP: 24/24 MP: 2/2
  1033 | D:2      | Noticed Sigmund
  1040 | D:2      | Slain by Sigmund

Illustrated notes

Levels and vault maps discovered:
D:1:      dpeg_arrival_stone_temple_mockup, layout_loops_cross
D:2:      layout_loops_ring, uniq_sigmund

Skill      XL: |  1 |
---------------+----+-----
Axes           | 2 |  2.1
Fighting       | |  3.4
Armour         | |  2.9
Dodging        | |  0.2
Shields        | |  2.8

Action                   || total
-------------------------++-------
Melee: War axe           ||    55
  Use: Potion            ||     1
Armor: Scale mail        ||    20
Dodge: Dodged            ||    10
Block: Buckler           ||    21

Table legend: (Time is in decaauts)
 A = Elapsed time spent in this place.
 B = Non-inter-level travel time spent in this place.
 C = Inter-level travel time spent in this place.
 D = Time resting spent in this place.
 E = Time spent auto-exploring this place.
 F = Levels seen in this place.
 G = Mean time per level.
                   A        B        C        D        E       F      G
               +--------+--------+--------+--------+--------+-----+--------+
         Total |   1063 |   1026 |     37 |      0 |    870 |   2 |  531.5 |
       Dungeon |   1063 |   1026 |     37 |      0 |    870 |   2 |  531.5 |
               +--------+--------+--------+--------+--------+-----+--------+

Top non-repeatable levels by time:
     D:1: 921 daAuts
     D:2: 142 daAuts
